 Dungeon Crawl Stone Soup version 0.21.1-1-g345015f (webtiles) character file.

22 lotte the Charmwright (level 2, 0/27 HPs)
             Began as a Naga Skald on June 24, 2018.
             Succumbed to a goblin's poison
             ... on level 1 of the Dungeon.
             The game lasted 00:06:10 (1345 turns).

lotte the Charmwright (Naga Skald)                  Turns: 1345, Time: 00:06:10

Health: 0/27       AC:  3    Str: 13    XL:     2   Next: 91%
Magic:  5/5        EV:  8    Int: 13    God:
Gold:   39         SH:  0    Dex: 10    Spells: 2/5 levels left

rFire    . . .     SeeInvis +   a - +0 mace
rCold    . . .     Gourm    .   (no shield)
rNeg     . . .     Faith    .   i - +0 ring mail
rPois    +         Spirit   .   (no helmet)
rElec    .         Reflect  .   (no cloak)
rCorr    .         Harm     .   (no gloves)
MR       .....                  (no barding)
Stlth    ..........             (no amulet)
HPRegen  0.09/turn              g - ring of see invisible
MPRegen  0.09/turn              (no ring)

@: lethally poisoned (0 -> -2), very slow
A: large, see invisible, deformed body, poison resistance, slowness 2, slow
metabolism 1, spit poison 1, AC +0
a: Spit Poison


You were on level 1 of the Dungeon.
You were hungry.

You visited 1 branch of the dungeon, and saw 1 of its levels.

You collected 39 gold pieces.

Inventory:

Hand Weapons
 a - a +0 mace (weapon)
Armour
 b - a +0 leather armour
 i - a +0 ring mail (worn)
Jewellery
 g - a ring of see invisible (left hand)
Scrolls
 h - a scroll of enchant weapon
Books
 c - a book of Battle

   Spells                             Type                      Level
   a - Infusion                       Charms                       1
   b - Shroud of Golubria             Charms/Translocation         2
   c - Song of Slaying                Charms                       2
   d - Spectral Weapon                Hexes/Charms                 3
   e - Regeneration                   Charms/Necromancy            3
Comestibles
 d - a ration


   Skills:
 * Level 2.3 Fighting
 + Level 2.1 Maces & Flails
 + Level 1.3 Armour
 + Level 1.8 Dodging
 * Level 2.1 Spellcasting
 - Level 3.0 Charms


You had 2 spell levels left.
You knew the following spells:

 Your Spells              Type           Power        Failure   Level  Hunger
a - Infusion              Chrm           #...         16%         1    ##.....
b - Shroud of Golubria    Chrm/Tloc      #.........   41%         2    ###....


Dungeon Overview and Level Annotations

Branches:
Dungeon (1/15)

Altars:


Innate Abilities, Weirdness & Mutations

You cannot wear boots.
Your serpentine skin is tough. (AC +0)
You have supernaturally acute eyesight. (SInv)
Armour fits poorly on your strangely shaped body.
Your system is resistant to poisons. (rPois)
You cover ground very slowly.
You have a slow metabolism.
You can spit poison.


Message History

* * * LOW HITPOINT WARNING * * *
You feel sick.
* * * LOW HITPOINT WARNING * * *
You feel sick.
* * * LOW HITPOINT WARNING * * *
You feel sick.
* * * LOW HITPOINT WARNING * * *
You feel sick.
* * * LOW HITPOINT WARNING * * *
You feel sick.
Your magical contamination has completely faded away.
* * * LOW HITPOINT WARNING * * *
You feel sick.
* * * LOW HITPOINT WARNING * * *
You feel sick.
* * * LOW HITPOINT WARNING * * *
You feel sick.
* * * LOW HITPOINT WARNING * * *
You feel sick.
You die...

#..........###.#.+...).#..)
+..†.......#
#...#...#.#.#####
#..........#
#...+...#.......#
#..........#
#...#.#####.###.#
#(###......#
#...#.........# #(#
######## #...#######.#.#
#.# #...# #.#.# ### #.#
#...#######...#..... ..#
#..@...............# ###
#...###########..... #
#...# #... # #...# ## #
#...# # #...# # #####


There were no monsters in sight!

Vanquished Creatures
  A dart slug (D:1)
  2 giant cockroaches (D:1)
  5 goblins (D:1)
  3 jackals (D:1)
  4 kobolds (D:1)
  A ball python (D:1)
  A bat (D:1)
  2 frilled lizards (D:1)
  A rat (D:1)
20 creatures vanquished.

Notes
Turn   | Place    | Note
-------+----------+-------------------------------------------
     0 | D:1      | lotte the Naga Skald began the quest for the Orb.
     0 | D:1      | Reached XP level 1. HP: 19/19 MP: 3/3
   185 | D:1      | Reached skill level 1 in Armour
   441 | D:1      | Reached XP level 2. HP: 26/26 MP: 5/5
   931 | D:1      | Learned a level 2 spell: Shroud of Golubria
  1342 | D:1      | HP: 1/27 [poisoned by a goblin]
  1345 | D:1      | Succumbed to a goblin's poison

Skill      XL: |  1 |
---------------+----+-----
Armour         | 1 |  1.3
Fighting       | |  2.3
Maces & Flails | |  2.1
Dodging        | |  1.8
Spellcasting   | |  2.1
Charms         | |  3.0

Action                   || total
-------------------------++-------
Melee: Mace              ||    74
 Cast: Shroud of Golubri ||     3
  Use: Scroll            ||     2
Armor: Leather armour    ||    22
       Ring mail         ||     1
Dodge: Dodged            ||    53
